 Dungeon Crawl Stone Soup version 0.19-a0-1051-gdb7e7f8 (webtiles) character file.

109 Jmtri7 the Skirmisher (level 4, -9/52 HPs)
             Began as an Ogre Artificer on Aug 2, 2016.
             Mangled by an iguana (12 damage)
             ... on level 4 of the Dungeon.
             The game lasted 00:06:06 (2865 turns).

Jmtri7 the Skirmisher (Ogre Artificer)              Turns: 2865, Time: 00:06:07

Health: -9/52      AC:  3    Str: 17    XL:     4   Next: 89%
Magic:  5/5        EV: 10    Int: 10    God:
Gold:   95         SH:  0    Dex: 11    Spells: 0 memorised, 3 levels left

rFire  x . .     SeeInvis .     a - +2 dagger (elec)
rCold  + . .     Gourm    .     b - +0 robe
rNeg   . . .     Faith    .     (no shield)
rPois  .         Spirit   .     (helmet restricted)
rElec  .         Dismiss  .     (no cloak)
rCorr  .         Reflect  .     (gloves unavailable)
SustAt .         Harm     .     (boots unavailable)
MR     .....                    (no amulet)
Stlth  +.........               (no ring)
                                t - ring of ice

@: lethally poisoned (-9 -> -15), not resistant to hostile enchantments, very
unstealthy
A: unfitting armour, tough skin 1
a: no special abilities


You were on level 4 of the Dungeon.
You were not hungry.

You visited 1 branch of the dungeon, and saw 4 of its levels.

You collected 95 gold pieces.

Inventory:

Hand Weapons
 a - a +2 dagger of electrocution (weapon)
Armour
 b - a +0 robe (worn)
Jewellery
 t - a ring of ice (left hand)
Wands
 c - a wand of flame (15/48)
 d - a wand of enslavement (15/24)
 e - a wand of random effects (15/48)
Scrolls
 g - 2 scrolls of random uselessness {unknown}
 m - 2 scrolls of amnesia {unknown}
 n - a scroll of teleportation {unknown}
 o - a scroll of recharging {unknown}
 p - a scroll of enchant weapon {unknown}
 u - 2 scrolls of fear {unknown}
 v - 2 scrolls of fog {unknown}
 y - 3 scrolls of identify {unknown}
Potions
 h - 2 potions of heal wounds {unknown}
 i - 2 potions of cancellation {unknown}
 k - 2 potions of curing {unknown}
 l - a potion of mutation {unknown}
 q - a potion of degeneration {unknown}
 r - a potion of invisibility {unknown}
 w - a potion of magic {unknown}
 x - a potion of ambrosia {unknown}
Comestibles
 f - 3 bread rations
 j - 2 slices of pizza
 s - a meat ration
 z - a royal jelly
 A - a beef jerky


   Skills:
 + Level 6.0 Fighting
 - Level 0.5 Short Blades
 - Level 1.7 Dodging
 - Level 0.7 Stealth
 - Level 2.4 Evocations


You had 3 spell levels left.
You didn't know any spells.

Dungeon Overview and Level Annotations

Branches:
Dungeon (4/15)
 Temple: D:4-7

Altars:
Fedhas
Okawaru
Zin


Innate Abilities, Weirdness & Mutations

You are too large for most types of armour.
You have tough skin. (AC +1)


Message History

You feel sick. The adder barely misses you. The iguana bites you!
* * * LOW HITPOINT WARNING * * *
The adder misses you.
You barely miss the iguana.
The iguana is lightly wounded.
The adder bites you.
* * * LOW HITPOINT WARNING * * *
You are more poisoned.
The adder poisons you! The iguana barely misses you.
You hit the iguana but do no damage.
The iguana is lightly wounded.
You feel sick. The adder closely misses you. The iguana bites you.
* * * LOW HITPOINT WARNING * * *
You hit the iguana but do no damage.
There is a sudden explosion of sparks!
The iguana is severely wounded.
* * * LOW HITPOINT WARNING * * *
You feel sick. The adder bites you.
* * * LOW HITPOINT WARNING * * *
The iguana bites you!
You die...

#.... .....##+#..
#.... #.........#
##... #.........#
#... #.........# #...
#.........# ######...
#.........# #.....##+
+....S....# #.....#
#....l@...###+#.....#
########............#
#.......####....
#.......+ #....
#.......# #....
#.......# .....
######### ####


You could see an iguana and an adder.

Vanquished Creatures
  A hound (D:4)
  An adder (D:4)
  3 worms (D:2)
  A dart slug (D:1)
  3 giant geckos
  3 giant cockroaches
  11 goblins
  8 hobgoblins
  A quokka (D:2)
  6 bats
  4 giant newts
  5 kobolds
  9 rats
56 creatures vanquished.

Notes
Turn   | Place    | Note
-------+----------+-------------------------------------------
     0 | D:1      | Jmtri7 the Ogre Artificer began the quest for the Orb.
     0 | D:1      | Reached XP level 1. HP: 19/19 MP: 2/2
    67 | D:1      | Reached skill level 2 in Fighting
   134 | D:1      | Reached XP level 2. HP: 18/29 MP: 3/3
   246 | D:1      | Reached skill level 3 in Fighting
   885 | D:2      | Reached XP level 3. HP: 39/39 MP: 4/4
   904 | D:2      | Reached skill level 4 in Fighting
  1080 | D:2      | Found an iron altar of Okawaru.
  1080 | D:2      | Found a blossoming altar of Fedhas.
  1554 | D:2      | Reached skill level 5 in Fighting
  1554 | D:2      | Reached XP level 4. HP: 34/50 MP: 5/5
  2559 | D:3      | Found a glowing silver altar of Zin.
  2859 | D:4      | Reached skill level 6 in Fighting
  2865 | D:4      | Mangled by an iguana

Vault maps used:
D:1:      minmay_arrival_radiant_lines, serial_corexii_hall,
          corexii_hall_statues_l, corexii_hall_statues_l
D:2:      gammafunk_temple_overflow_elements
D:3:      lemuel_coloured_pillars_altar, first_bread
D:4:      kennysheep_mini_moat, st_stairs_3, uniq_sigmund

Skill      XL: |  1  2  3  4 |
---------------+-------------+-----
Fighting       | 2 3 5 6 |  6.0
Short Blades   | |  0.5
Dodging        | |  1.7
Stealth        | |  0.7
Evocations     | |  2.4

Action                   |  1- 3 |  4- 6 || total
-------------------------+-------+-------++-------
Melee: Short sword       |    31 |       ||    31
       Dagger            |   100 |    37 ||   137
 Stab: Sleeping          |     2 |     1 ||     3
  Eat: Chunk             |     2 |     4 ||     6
Armor: Robe              |    50 |    12 ||    62
Dodge: Dodged            |    71 |    25 ||    96
